 Dungeon Crawl Stone Soup version 0.31-a0-345-g1ebeae05c6 (webtiles) character file.

Game seed: 10818814879800114738

404 promet the Sneak (level 6, 0/40 HPs)
             Began as an Octopode Hedge Wizard on July 22, 2023.
             Was a Follower of Sif Muna.
             Succumbed to an orc's poison
             ... on level 4 of the Dungeon.
             The game lasted 00:27:19 (7393 turns).

promet the Sneak (Octopode Hedge Wizard)            Turns: 7393, Time: 00:27:20

Health: 0/40       AC:  2    Str:  9    XL:     6   Next: 86%
Magic:  8/12       EV: 13    Int: 19    God:    Sif Muna [*.....]
Gold:   140        SH:  0    Dex: 11    Spells: 8/14 levels left

rFire   . . .        a - +0 dagger (venom)
rCold   + . .        (no shield)
rNeg    . . .        j - +1 hat
rPois   .            (no amulet)
rElec   .            l - ring of protection from cold
rCorr   .            (no ring)
SInv    .            (no ring)
Will    .....        (no ring)
Stlth   ++++         (no ring)
HPRegen 0.26/turn    (no ring)
MPRegen 0.13/turn    (no ring)
                     (no ring)

%: no passive effects
@: lethally poisoned (0 -> -4), on blink cooldown, very slightly contaminated
A: almost no armour, amphibious, 8 rings, camouflage 1, gelatinous body 1,
(nimble swimmer 1), tentacles
a: Renounce Religion, Channel Magic


You were on level 4 of the Dungeon.
You worshipped Sif Muna.
Sif Muna was aware of your devotion.
You visited 1 branch of the dungeon, and saw 4 of its levels.

You collected 140 gold pieces.

Inventory:

Hand Weapons
 a - a +0 dagger of venom (weapon)
 b - a +0 sling
 c - a +0 rapier
 d - a +2 heavy spear
 e - a +0 flail
 r - a +0 long sword
 s - a +0 war axe
Missiles
 f - 40 stones
 p - 6 poisoned darts
Armour
 j - a +1 hat (worn)
Magical Staves
 t - a staff of earth
Jewellery
 l - a ring of protection from cold (left tentacle)
Talismans
 n - a serpent talisman
Scrolls
 k - 3 scrolls of fear
 u - a scroll of enchant weapon {unknown}
Potions
 h - 3 potions of curing
 i - a potion of mutation
 m - a potion of haste
 o - 2 potions of magic
 q - a potion of enlightenment


   Skills:
 * Level 2.3 Fighting
 + Level 1.9 Short Blades
 + Level 0.1 Polearms
 + Level 0.1 Ranged Weapons
 + Level 2.5 Dodging
 + Level 4.7 Stealth
 + Level 4.5 Spellcasting
 + Level 1.5 Conjurations
 + Level 0.2 Hexes
 + Level 2.5 Summonings
 + Level 1.0 Translocations


You had 8 spell levels left.
You knew the following spells:

 Your Spells              Type           Power      Damage    Failure   Level
a - Magic Dart            Conj           40%        1d5       7%          1
b - Slow                  Hex            20%        N/A       12%         1
c - Blink                 Tloc           16%        N/A       13%         2
d - Call Imp              Summ           26%        N/A       7%          2

Your spell library contained the following spells:

 Spells                   Type           Power      Damage    Failure   Level
 Cigotuvi's Dreadful Rot  Necr/Pois/Air  8%         N/A       21%         2
 Mephitic Cloud           Conj/Pois/Air  6%         N/A       32%         3


Dungeon Overview and Level Annotations

Branches:
Dungeon (4/15)
 Temple: D:4-7

Altars:
Dithmenos
Sif Muna
Uskayaw
Vehumet


Innate Abilities, Weirdness & Mutations

You cannot wear most types of armour.
You are amphibious.
You can wear up to eight rings at the same time.
Your skin changes colour to match your surroundings (Stealth+).
Your rubbery body absorbs attacks. (AC +1, EV +1)
((You are camouflaged when in or above water. (Stealth+)))
You have tentacles for arms and can constrict up to eight enemies at once.


Message History

The orc throws a poisoned dart.
You're too confused to cast spells.
Okay, then.
You're too confused to cast spells.
Okay, then.
Unknown command.
You're too confused to cast spells.
Okay, then.
You bump into the rock wall.
Something hits you.
You closely miss something. Your squeeze misses something.
You hear some strange, mumbled words.
Something tries to affect you, but you resist.
Something hits you.
* * * LOW HITPOINT WARNING * * *
You miss something.
Your tentacle-slap misses something.
You bump into the rock wall.
Something hits you.
* * * LOW HITPOINT WARNING * * *
You're too confused to move!
You feel less confused. Something hits you.
* * * LOW HITPOINT WARNING * * *
You hit something. Your squeeze misses something. Something hits you.
* * * LOW HITPOINT WARNING * * *
The orc throws a poisoned dart.
The poisoned dart hits you!
You are lethally poisoned!
Casting: Call Imp (safe; 7% risk of failure)
Confirm with . or Enter, or press ? or * to list all spells.
You miscast Call Imp.
You are very lightly contaminated with residual magic.
Nothing appears to happen.
* * * LOW HITPOINT WARNING * * *
You feel sick. Something hits you.
* * * LOW HITPOINT WARNING * * *
Casting: Call Imp (safe; 7% risk of failure)
Confirm with . or Enter, or press ? or * to list all spells.
You blink.
* * * LOW HITPOINT WARNING * * *
You feel sick.
The orc throws a poisoned dart.
The poisoned dart barely misses you.
You die...

##############..#..
#..........##..###.
#.########.##.## ##
#.# #.##..##+. #o#
#.##...#.. #.#
#........P #{#
#####.....
#.####### #..⌠..
#.@.....# #.....
#######.# #.....
#.# ###### #.# #
#.# # #.# # #.#
########.#
#........#


You could see an orc.

Vanquished Creatures
  2 phantoms
  An orc priest (D:4)
  An orc wizard (D:3)
  4 gnolls (D:3)
  4 adders
  2 ufetubi (D:4)
  3 worms
  2 dart slugs
  4 orcs (D:3)
  4 endoplasms
  3 giant cockroaches
  4 goblins
  6 hobgoblins
  4 jackals (D:3)
  11 kobolds
  2 quokkas (D:1)
  5 ball pythons
  7 bats
  3 frilled lizards
  6 rats
78 creatures vanquished.

Vanquished Creatures (collateral kills)
  An adder (D:3)
  A worm (D:3)
  2 orcs
  2 ball pythons
  A bat (D:3)
  2 endoplasms
  A goblin (D:1)
  2 hobgoblins
  3 kobolds
  A quokka (D:3)
  3 rats
19 creatures vanquished.

Grand Total: 97 creatures vanquished

Notes
Turn   | Place    | Note
-------+----------+-------------------------------------------
     0 | D:1      | promet the Octopode Hedge Wizard began the quest for the
                  | Orb.
     0 | D:1      | Reached XP level 1. HP: 11/11 MP: 4/4
   216 | D:1      | Reached XP level 2. HP: 17/17 MP: 3/6
   220 | D:1      | Learned a level 1 spell: Slow
   223 | D:1      | Learned a level 2 spell: Blink
   226 | D:1      | Learned a level 2 spell: Call Imp
  1419 | D:1      | Reached XP level 3. HP: 22/22 MP: 5/7
  1933 | D:1      | Reached skill level 1 in Fighting
  2776 | D:2      | Reached XP level 4. HP: 24/28 MP: 9/9
  3469 | D:3      | Found a hide-covered altar of Uskayaw.
  3473 | D:3      | Found a shimmering blue altar of Sif Muna.
  3678 | D:3      | Became a worshipper of Sif Muna the Loreminder
  3719 | D:3      | Noticed a phantom
  3795 | D:3      | Killed a phantom
  3796 | D:3      | Reached skill level 1 in Short Blades
  3796 | D:3      | Reached XP level 5. HP: 12/33 MP: 8/10
  5199 | D:3      | Found a radiant altar of Vehumet.
  5199 | D:3      | Found a shadowy altar of Dithmenos.
  5325 | D:3      | Reached XP level 6. HP: 36/39 MP: 10/12
  7252 | D:4      | Reached * piety under Sif Muna
  7391 | D:4      | HP: 1/40 [something (2)]
  7393 | D:4      | Succumbed to an orc's poison

Illustrated notes

Levels and vault maps discovered:
D:1:      saegor_arrival_simple_e, layout_basic, nicolae_titane
D:2:      layout_basic, chequers_serial_rivers_micro_b
D:3:      minmay_angry_zag, layout_basic, grunt_temple_overflow_open,
          mainiacjoe_overflow_divided_tiny, grunt_decor_arrowhead
D:4:      minmay_diamond_boxcup, layout_loops_ring, tso_oasis_becter,
          gammafunk_ghost_arena, nicolae_nh_ransacked_shop

Skill      XL: |  1  2  3  4  5  6 |
---------------+-------------------+-----
Stealth        | 3 4 |  4.7
Fighting       | 1 2 |  2.3
Short Blades   | 1 |  1.9
Summonings     | 2 |  2.5
Spellcasting   | 4 |  4.5
Polearms       | |  0.1
Ranged Weapons | |  0.1
Dodging        | |  2.5
Conjurations   | |  1.5
Hexes          | |  0.2
Translocations | |  1.0

Action                     |  1- 3 |  4- 6 || total
---------------------------+-------+-------++-------
  Melee: Dagger            |    59 |    85 ||   144
         Constrict         |    12 |    17 ||    29
         Tentacles         |    10 |    16 ||    26
         Rapier            |       |     8 ||     8
         Punch             |       |     2 ||     2
         Spear             |       |    11 ||    11
   Fire: Sling             |       |    14 ||    14
   Cast: Magic Dart        |    24 |    44 ||    68
         Call Imp          |     9 |    29 ||    38
         Slow              |       |     2 ||     2
         Blink             |       |     4 ||     4
    Use: Scroll            |     2 |     6 ||     8
   Stab: Sleeping          |     6 |     6 ||    12
         Distracted        |     1 |     2 ||     3
 Armour: Skin              |     3 |     7 ||    10
  Dodge: Dodged            |    24 |    63 ||    87

Table legend: (Time is in decaauts)
 A = Elapsed time spent in this place.
 B = Non-inter-level travel time spent in this place.
 C = Inter-level travel time spent in this place.
 D = Time resting spent in this place.
 E = Time spent auto-exploring this place.
 F = Levels seen in this place.
 G = Mean time per level.
                   A        B        C        D        E       F      G
               +--------+--------+--------+--------+--------+-----+--------+
         Total |   7390 |   7282 |    108 |   3525 |   1811 |   4 | 1847.5 |
       Dungeon |   7390 |   7282 |    108 |   3525 |   1811 |   4 | 1847.5 |
               +--------+--------+--------+--------+--------+-----+--------+

Top non-repeatable levels by time:
     D:3: 3280 daAuts
     D:1: 2161 daAuts
     D:2: 1293 daAuts
     D:4: 655 daAuts
